 Dungeon Crawl Stone Soup version 0.18.1-5-g4a78601 (webtiles) character file.

189 Scarto the Skirmisher (level 5, -11/48 HPs)
             Began as a Hill Orc Fighter on May 10, 2016.
             Mangled by Sigmund
             ... wielding a +0 scythe
              (13 damage)
             ... on level 2 of the Dungeon.
             The game lasted 00:02:18 (1790 turns).

Scarto the Skirmisher (Hill Orc Fighter)            Turns: 1790, Time: 00:02:19

Health: -11/48     AC:  7    Str: 25    XL:     5   Next: 68%
Magic:  14/14      EV:  7    Int:  8    God:
Gold:   46         SH: 10    Dex: 10    Spells: 0 memorised, 4 levels left

rFire  . . .     SeeInvis .     a - +0 war axe
rCold  . . .     Gourm    .     b - +0 scale mail
rNeg   . . .     Faith    .     c - +0 shield
rPois  .         Spirit   .     (no helmet)
rElec  .         Dismiss  .     (no cloak)
rCorr  .         Reflect  .     (no gloves)
SustAt .         Harm     .     (no boots)
MR     .....                    (no amulet)
Stlth  ..........               (no ring)
                                i - ring of magical power

@: mighty, not resistant to hostile enchantments, extremely unstealthy
A: no striking features
a: no special abilities


You were on level 2 of the Dungeon.
You were very hungry.

You visited 1 branch of the dungeon, and saw 2 of its levels.

You collected 46 gold pieces.

Inventory:

Hand Weapons
 a - a +0 war axe (weapon)
Missiles
 g - 41 bolts
Armour
 b - a +0 scale mail (worn)
 c - a +0 shield (worn)
Jewellery
 i - a ring of magical power (left hand)
Scrolls
 e - 2 scrolls of identify {unknown}
 j - 3 scrolls of magic mapping {unknown}
 k - 2 scrolls of remove curse {unknown}
Potions
 h - a potion of heal wounds {unknown}
 m - a potion of flight {unknown}
 n - a potion of mutation {unknown}
Comestibles
 f - a bread ration
 l - a meat ration


   Skills:
 + Level 5.0 Fighting
 + Level 4.5 Axes
 + Level 4.2 Armour
 + Level 4.2 Shields


You had 4 spell levels left.
You didn't know any spells.

Dungeon Overview and Level Annotations

Branches:
Dungeon (2/15)

Altars:

Annotations:
D:2 Sigmund


Message History

You hear some strange, mumbled words.
A puff of flame appears from out of thin air!
The puff of flame hits you!
You bump into the rock wall.
You feel less confused.
You hear some strange, mumbled words.
A puff of flame appears from out of thin air!
The puff of flame hits you!
You barely miss something. Something hits you!
You closely miss something. Something hits you.
You barely miss something. Something hits you.
You barely miss something. Something hits you!
* * * LOW HITPOINT WARNING * * *
You slash something! You closely miss something. Something hits you.
* * * LOW HITPOINT WARNING * * *
You closely miss something. Something hits you.
* * * LOW HITPOINT WARNING * * *
You closely miss something. Something hits you!
You die...

......##.###########.#
......##.............#
......#################
......# #..........<..#
###.### #.#############
# #.# ###.######## #
#.# #..........# ###.#
#.#.######.# .##.#
#.#.# #@# .##.# #.#.#
#{# .##.# #.#.# #.#
.##.###.#.# #.#
........#[# #.#
........#.# ..#
........# ### ........#
........#


There were no monsters in sight!

Vanquished Creatures
  Jessica (D:2)
  Ijyb (D:2)
  Natasha (thrice) (D:2)
  2 adders (D:2)
  A worm (D:2)
  A giant gecko (D:2)
  5 bats
  A giant cockroach (D:2)
  9 goblins
  4 hobgoblins (D:2)
  4 jackals (D:2)
  4 kobolds (D:2)
  2 quokkas (D:2)
  A ball python (D:2)
  5 rats
44 creatures vanquished.

Notes
Turn   | Place    | Note
--------------------------------------------------------------
     0 | D:1      | Scarto the Hill Orc Fighter began the quest for the Orb.
     0 | D:1      | Reached XP level 1. HP: 19/19 MP: 1/1
   270 | D:1      | Reached XP level 2. HP: 27/27 MP: 2/2
   496 | D:2      | Noticed Natasha
   507 | D:2      | Noticed a crimson imp
   509 | D:2      | Killed Natasha
   509 | D:2      | Reached skill level 4 in Fighting
   509 | D:2      | Reached XP level 3. HP: 6/33 MP: 3/3
  1120 | D:2      | Noticed Natasha
  1126 | D:2      | Killed Natasha
  1126 | D:2      | Reached XP level 4. HP: 36/41 MP: 4/4
  1194 | D:2      | Noticed Jessica
  1197 | D:2      | Noticed Natasha
  1201 | D:2      | Killed Jessica
  1208 | D:2      | Killed Natasha
  1208 | D:2      | Reached XP level 5. HP: 29/47 MP: 5/5
  1231 | D:2      | Reached skill level 5 in Fighting
  1684 | D:2      | Noticed Ijyb
  1691 | D:2      | Killed Ijyb
  1776 | D:2      | Noticed Sigmund
  1789 | D:2      | HP: 2/48 [something (6)]
  1790 | D:2      | Mangled by Sigmund

Skill      XL: |  1  2  3  4  5 |
---------------+----------------+-----
Axes           | 3 4 |  4.5
Fighting       | 4 5 |  5.0
Shields        | 4 |  4.2
Armour         | 4 |  4.2

Action                   |  1- 3 |  4- 6 || total
-------------------------+-------+-------++-------
Melee: War axe           |    56 |    88 ||   144
  Use: Potion            |       |     1 ||     1
  Eat: Chunk             |       |     2 ||     2
Armor: Scale mail        |    22 |    29 ||    51
Dodge: Dodged            |    23 |    22 ||    45
Block: Shield            |    34 |    52 ||    86
